 Dungeon Crawl Stone Soup version 0.27.1-33-g824d729ab1 (webtiles) character file.

Game seed: 16793601127864756976

23 DemonSlayer the Skirmisher (level 2, -1/24 HPs)
             Began as a Demonspawn Berserker on Dec 6, 2021.
             Was a Follower of Trog.
             Succumbed to a goblin's poison
             ... on level 2 of the Dungeon.
             The game lasted 00:01:30 (942 turns).

DemonSlayer the Skirmisher (Demonspawn Berserker)    Turns: 942, Time: 00:01:31

Health: -1/24      AC:  2    Str: 17    XL:     2   Next: 75%
Magic:  2/2        EV: 12    Int:  8    God:    Trog [*.....]
Gold:   36         SH:  0    Dex: 12    Spells: 1/1 levels left

rFire    . . .     SeeInvis .   a - +0 spear
rCold    . . .     Faith    .   (no shield)
rNeg     . . .     Spirit   .   b - +0 animal skin
rPois    .         Reflect  .   (no helmet)
rElec    .         Harm     .   (no cloak)
rCorr    .         Rampage  .   (no gloves)
Will     .....                  (no boots)
Stlth    +.........             (no amulet)
HPRegen  0.08/turn              (no ring)
MPRegen  0.16/turn              (no ring)

@: lethally poisoned (-1 -> -7)
A: magic regeneration
a: Renounce Religion, Berserk


You were on level 2 of the Dungeon.
You worshipped Trog.
Trog was aware of your devotion.
You visited 1 branch of the dungeon, and saw 2 of its levels.

You collected 36 gold pieces.

Inventory:

Hand Weapons
 a - a +0 spear (weapon)
Armour
 b - a +0 animal skin (worn)
Scrolls
 c - 2 scrolls of teleportation {unknown}
 f - a scroll of immolation {unknown}
Potions
 d - a potion of might {unknown}
 e - a potion of curing {unknown}
 g - a potion of invisibility {unknown}


   Skills:
 + Level 3.5 Fighting
 + Level 3.0 Polearms
 + Level 2.0 Armour
 + Level 1.9 Dodging
 + Level 0.1 Stealth


You had one spell level left.
You didn't know any spells.
Your spell library was empty.

Dungeon Overview and Level Annotations

Branches:
Dungeon (2/15)

Altars:
Xom


Innate Abilities, Weirdness & Mutations

You regenerate magic rapidly.


Message History

You are too injured to fight recklessly!
You are too injured to fight recklessly!
Unknown command.
The giant cockroach bites you. The giant cockroach closely misses you.
You see here a jackal corpse.
The giant cockroach closely misses you.
You see here a rat corpse.
The giant cockroach bites you. The giant cockroach closely misses you.
The giant cockroach closely misses you.
The giant cockroach bites you but does no damage.
The giant cockroach bites you.
The giant cockroach completely misses you.
The giant cockroach waves its antennae.
The giant cockroach barely misses you. The giant cockroach barely misses you.
The giant cockroach bites you.
The giant cockroach bites you but does no damage.
There is a stone staircase leading down here.
The giant cockroach barely misses you. The giant cockroach misses you.
You climb downwards.
Found a scroll labelled OCA RACUTHRYAW CIUD.
Found a shimmering altar of Xom.
There is a stone staircase leading up here.
The goblin shouts!
The giant cockroach bites you but does no damage.
A quokka comes into view.
The goblin closely misses you.
Found a stone staircase leading down.
The goblin hits you with a +2 dagger of venom.
* * * LOW HITPOINT WARNING * * *
You are lethally poisoned!
* * * LOW HITPOINT WARNING * * *
You feel very sick. The bat hits you but does no damage.
* * * LOW HITPOINT WARNING * * *
You feel sick. The bat misses you.
* * * LOW HITPOINT WARNING * * *
You feel sick. The bat barely misses you.
You die...

#.# #.# #.# ### #.# #
.. #.# #.. #. #.#
#....#.######.##.####
#......<.g.b.@.......
#..#.......Br#.#+####
.................
........._.........
..............w......
.....................
...?............>....
.........#...........


You could see a dart slug, a quokka, a giant cockroach, a goblin and a bat.

Vanquished Creatures
  2 bats (D:1)
  2 endoplasms (D:1)
  2 goblins (D:1)
  4 hobgoblins (D:1)
  3 jackals (D:1)
  2 quokkas (D:1)
  2 ball pythons (D:1)
  A frilled lizard (D:1)
  2 rats (D:1)
20 creatures vanquished.

Notes
Turn   | Place    | Note
-------+----------+-------------------------------------------
     0 | D:1      | DemonSlayer the Demonspawn Berserker began the quest for
                  | the Orb.
     0 | D:1      | Reached XP level 1. HP: 18/18 MP: 1/1
    14 | D:1      | Found a faded altar of an unknown god.
   237 | D:1      | Gained mutation: You regenerate magic rapidly. [demonic
                  | ancestry]
   237 | D:1      | Reached XP level 2. HP: 24/24 MP: 2/2
   936 | D:2      | Found a shimmering altar of Xom.
   941 | D:2      | HP: 1/24 [poisoned by a goblin]
   942 | D:2      | Succumbed to a goblin's poison

Illustrated notes

Levels and vault maps discovered:
D:1:      amcnicky_arrival_flooded_fountain, layout_basic,
          chequers_ecumenical_altar_simple_redux
D:2:      layout_basic, basic_altar, minmay_fountain_box

Skill      XL: |  1  2 |
---------------+-------+-----
Armour         | 2 |  2.0
Polearms       | 3 |  3.0
Fighting       | |  3.5
Dodging        | |  1.9
Stealth        | |  0.1

Action                   || total
-------------------------++-------
Melee: Spear             ||    64
Invok: Berserk           ||     2
 Stab: Sleeping          ||     1
Armor: Animal skin       ||    13
Dodge: Dodged            ||    61
